 Dungeon Crawl Stone Soup version 0.17.1-3-g152610e (webtiles) character file.

559 Zhenya25pyc the Cudgeler (level 7, 0/44 HPs)
             Began as a Gargoyle Fighter on Apr 1, 2016.
             Slain by an orc priest
             ... wielding a cursed +0 morningstar
              (3 damage)
             ... on level 4 of the Dungeon.
             The game lasted 00:10:01 (3733 turns).

Zhenya25pyc the Cudgeler (Gargoyle Fighter)         Turns: 3733, Time: 00:10:02

Health: 0/44       AC: 14    Str: 26    XL:     7   Next: 31%
Magic:  7/7        EV:  6    Int: 14    God:
Gold:   116        SH:  9    Dex:  9    Spells: 0 memorised, 6 levels left

rFire  . . .     SeeInvis .     n - +0 mace
rCold  . . .     Clarity  .     f - +0 chain mail
rNeg   + . .     SustAt   .     c - +0 shield
rPois  ∞         Gourm    .     (no helmet)
rElec  +         Spirit   .     (no cloak)
rCorr  .         Warding  .     (no gloves)
rMut   .         Stasis   .     (no boots)
MR     .....                    (no amulet)
Stlth  ..........               (no ring)
                                (no ring)

@: mighty, brilliant, not resistant to hostile enchantments, extremely
unstealthy
A: negative energy resistance 1, electricity resistance, unbreathing,
petrification resistance, rot immunity, AC +4
a: no special abilities


You were on level 4 of the Dungeon.
You were not hungry.

You visited 1 branch of the dungeon, and saw 4 of its levels.

You collected 116 gold pieces.

Inventory:

Hand Weapons
 n - a +0 mace (weapon)
Missiles
 o - 10 tomahawks (quivered)
Armour
 c - a +0 shield (worn)
 f - a +0 chain mail (worn)
Scrolls
 a - 2 scrolls of enchant weapon
 b - a scroll of immolation {unknown}
 e - a scroll of blinking {unknown}
 m - 2 scrolls of identify {unknown}
 p - a scroll of remove curse {unknown}
 q - a scroll of recharging {unknown}
 r - a scroll of noise {unknown}
Potions
 g - 2 potions of brilliance
 h - 2 potions of flight {unknown}
 i - a potion of cure mutation {unknown}
 j - a potion of magic {unknown}
 k - 2 potions of heal wounds {unknown}
 l - a potion of haste {unknown}
Comestibles
 s - a bread ration


   Skills:
 + Level 5.5 Fighting
 * Level 5.6 Maces & Flails
 + Level 5.0 Armour
 - Level 3.2 Shields


You had 6 spell levels left.
You didn't know any spells.

Dungeon Overview and Level Annotations

Branches:
Dungeon (4/15)
 Temple: D:4-7

Altars:
Gozag
Makhleb
Nemelex Xobeh
Sif Muna
Trog


Innate Abilities, Weirdness & Mutations

You are resistant to torment.
Your stone body is resilient (AC +4).
You are immune to poison.
You resist negative energy.
You are resistant to electric shocks.
You can survive without breathing.
You are immune to petrification.
You are immune to rotting.


Message History

The crimson imp hits you but does no damage.
You closely miss the orc priest.
The crimson imp blinks!
The orc priest looks braver for a moment.
An orc comes into view. It is wielding a hand axe.
You closely miss the orc priest.
The crimson imp hits you but does no damage.
You block the orc priest's attack. The crimson imp barely misses you.
It was a potion of brilliance.
You feel clever all of a sudden.
The orc priest hits you but does no damage.
The crimson imp hits you but does no damage.
You hit the crimson imp.
The crimson imp is moderately wounded.
The orc priest calls down the wrath of Beogh upon you.
Something smites you!
* * * LOW HITPOINT WARNING * * *
You block the crimson imp's attack.
You feel very mighty all of a sudden.
The orc priest hits you with a morningstar.
You die...

.### #.....### ##.....### #.....
...###.......### #.......###.....
.#.............###.............##
.##.........#......####.......##
....######....#.##.####..######
###.# #...............# #.#
##.####.######..# #.# #.# #5#
##.# #.# #.# #@# #)# #.#######.#
#o#######)#
##...##.####o##......#
##..8..##.<..oo..####.#
#.......#####.#### #.######
###..._...# #.# #......#
#.'.⌠...⌠.# #.# ######.#
#.#..._...# ..# #.# #.#..(....#
#.#


You could see 2 orc priests, an orc wizard, a crimson imp and an orc.

Vanquished Creatures
  An ogre (D:3)
  2 scorpions (D:4)
  A hound (D:4)
  A centaur skeleton (D:4)
  An orc wizard (D:4)
  2 worker ants (D:4)
  8 adders
  3 gnolls (D:4)
  2 oozes
  2 adder skeletons (D:4)
  8 worms
  2 giant geckos
  13 orcs
  5 giant cockroaches
  8 goblins
  8 hobgoblins
  10 jackals
  10 kobolds
  7 bats
  4 giant newts
  A quokka (D:2)
  A quokka skeleton (D:4)
  7 rats
107 creatures vanquished.

Notes
Turn   | Place    | Note
--------------------------------------------------------------
     0 | D:1      | Zhenya25pyc the Gargoyle Fighter began the quest for the Orb.
     0 | D:1      | Reached XP level 1. HP: 14/14 MP: 1/1
   156 | D:1      | Reached XP level 2. HP: 10/19 MP: 2/2
   750 | D:1      | Reached XP level 3. HP: 23/23 MP: 3/3
  1271 | D:2      | Reached XP level 4. HP: 24/29 MP: 4/4
  1280 | D:2      | Found a deep blue altar of Sif Muna.
  1280 | D:2      | Found a burning altar of Makhleb.
  1282 | D:2      | Found a bloodstained altar of Trog.
  1296 | D:2      | Reached skill level 4 in Fighting
  1434 | D:2      | You fall through a shaft!
  1572 | D:3      | Reached XP level 5. HP: 21/33 MP: 5/5
  1782 | D:3      | Noticed an ogre
  1789 | D:3      | Killed an ogre
  2137 | D:3      | Reached XP level 6. HP: 39/39 MP: 6/6
  2543 | D:4      | Reached skill level 5 in Fighting
  2577 | D:4      | Found a sparkling altar of Nemelex Xobeh.
  2577 | D:4      | Found an opulent altar of Gozag.
  2871 | D:4      | Reached skill level 5 in Maces & Flails
  2999 | D:4      | Reached XP level 7. HP: 8/44 MP: 7/7
  3689 | D:4      | Reached skill level 5 in Armour
  3733 | D:4      | Slain by an orc priest

Action                   |  1- 3 |  4- 6 |  7- 9 || total
-------------------------+-------+-------+-------++-------
Melee: Flail             |   126 |   151 |       ||   277
       Mace              |       |   149 |    85 ||   234
  Use: Scroll            |       |     1 |       ||     1
       Potion            |       |       |     2 ||     2
  Eat: Chunk             |     1 |     3 |       ||     4
       Bread ration      |       |     2 |       ||     2
